 Dungeon Crawl Stone Soup version 0.32-a0-468-g38b2580584 (webtiles) character file.

Game seed: 9381572889949394189

9 shoop the Chopper (level 2, -5/24 HPs)
             Began as a Mountain Dwarf Warper on Feb 25, 2024.
             Slain by a hobgoblin
             ... wielding a +0 mace
              (8 damage)
             ... on level 1 of the Dungeon.
             The game lasted 00:00:45 (213 turns).

shoop the Chopper (Mountain Dwarf Warper)            Turns: 213, Time: 00:00:46

Health: -5/24      AC:  3    Str: 19    XL:     2   Next: 6%
Magic:  4/4        EV: 11    Int: 13    God:
Gold:   5          SH:  0    Dex:  9    Spells: 0/4 levels left

rFire   . . .        a - +0 hand axe
rCold   . . .        (no shield)
rNeg    . . .        b - +0 leather armour
rPois   .            (no helmet)
rElec   .            (no cloak)
rCorr   .            (no gloves)
SInv    .            (no boots)
Will    .....        (no amulet)
Stlth   +            g - +6 ring of strength
HPRegen 0.24/turn    (no ring)
MPRegen 0.09/turn

%: no passive effects
@: no status effects
A: runic magic, artefact enchanting
a: no special abilities


You were on level 1 of the Dungeon.
You visited 1 branch of the dungeon, and saw 1 of its levels.

You collected 5 gold pieces.

Inventory:

Hand Weapons
 a - a +0 hand axe (weapon)
Missiles
 d - 7 darts of dispersal (quivered)
Armour
 b - a +0 leather armour (worn)
Jewellery
 g - a +6 ring of strength (left hand)
Scrolls
 c - a scroll of blinking
 e - a scroll of amnesia {unknown}
 h - a scroll of revelation {unknown}
 i - a scroll of poison {unknown}
Potions
 f - a potion of degeneration {unknown}


   Skills:
 - Level 2.1 Fighting
 + Level 3.4 Axes
 - Level 0.7 Throwing
 - Level 1.1 Armour
 - Level 1.3 Dodging
 - Level 1.7 Spellcasting
 - Level 2.4 Translocations


You couldn't memorise any spells.
You knew the following spells:

 Your Spells              Type           Power      Damage    Failure   Level
a - Lesser Beckoning      Tloc           14%        N/A       16%         2
b - Blink                 Tloc           14%        N/A       16%         2

Your spell library contained the following spells:

 Spells                   Type           Power      Damage    Failure   Level
 Teleport Other           Tloc           7%         N/A       30%         3
 Manifold Assault         Tloc           7%         N/A       69%         4
 Vhi's Electric Charge    Tloc/Air       8%         N/A       86%         4


Dungeon Overview and Level Annotations

Branches:
Dungeon (1/15)

Altars:


Innate Abilities, Weirdness & Mutations

Your spellcasting is much less encumbered by armour.
You can use scrolls of enchantment on lesser artefacts.


Message History

You hit the hobgoblin but do no damage. The hobgoblin hits you with a +0 mace.
The giant cockroach barely misses you.
You closely miss the giant cockroach.
The giant cockroach is almost dead.
You hit the hobgoblin. The hobgoblin hits you with a +0 mace!
The giant cockroach barely misses you.
You are too injured to fight recklessly!
You are too injured to fight recklessly!
You are too injured to fight recklessly!
You closely miss the hobgoblin.
The hobgoblin is heavily wounded.
You hit the giant cockroach but do no damage.
The giant cockroach bites you. The hobgoblin barely misses you.
The giant cockroach bites you.
* * * LOW HITPOINT WARNING * * *
The hobgoblin closely misses you.
The giant cockroach waves its antennae.
The giant cockroach attacks as it pursues you!
The giant cockroach bites you but does no damage.
The giant cockroach attacks as it pursues you!
The giant cockroach barely misses you.
You hit the giant cockroach.
The giant cockroach is severely wounded.
The giant cockroach bites you. The giant cockroach barely misses you.
You hit the giant cockroach.
You kill the giant cockroach!
You hit the hobgoblin but do no damage.
The hobgoblin is heavily wounded.
The hobgoblin completely misses you.
You barely miss the hobgoblin.
The hobgoblin is heavily wounded.
The hobgoblin hits you with a +0 mace.
* * * LOW HITPOINT WARNING * * *
You closely miss the hobgoblin.
The hobgoblin is heavily wounded.
The hobgoblin hits you but does no damage.
You hit the hobgoblin but do no damage.
The hobgoblin is heavily wounded.
The hobgoblin barely misses you. The hobgoblin hits you with a +0 mace!
You die...

##### #.. ........#####
.....##.## #...........#
##....... ..#####.###.#
........####### #.###.##
###$.........# ###.......
#........###.###........)
#.####.#.........#.###.#.
#.#g###.#####.# #.#.
#.#@# #.# ##.###.#. #...#
#.# #........† ##..# #.#
#.####..#. .... ... #..#.
##..# #.# #..#. #..# #.#
#.... #..# #.# #...# #...
.####...# .........


You could see a hobgoblin.

Vanquished Creatures
  A ball python (D:1)
  A giant cockroach (D:1)
  2 hobgoblins (D:1)
  A kobold (D:1)
  A quokka (D:1)
  2 rats (D:1)
8 creatures vanquished.

Notes
Turn   | Place    | Note
-------+----------+-------------------------------------------
     0 | D:1      | shoop the Mountain Dwarf Warper began the quest for the
                  | Orb.
     0 | D:1      | Reached XP level 1. HP: 17/17 MP: 3/3
    87 | D:1      | Reached skill level 3 in Axes
   151 | D:1      | Reached XP level 2. HP: 18/24 MP: 4/4
   154 | D:1      | Learned a level 2 spell: Lesser Beckoning
   157 | D:1      | Learned a level 2 spell: Blink
   213 | D:1      | Slain by a hobgoblin

Illustrated notes

Levels and vault maps discovered:
D:1:      lemuel_arrival_muddy, layout_loops_ring

Skill      XL: |  1 |
---------------+----+-----
Axes           | 3 |  3.4
Fighting       | |  2.1
Throwing       | |  0.7
Armour         | |  1.1
Dodging        | |  1.3
Spellcasting   | |  1.7
Translocations | |  2.4

Action                     || total
---------------------------++-------
  Melee: Hand axe          ||    37
 Armour: Leather armour    ||    26
  Dodge: Dodged            ||    23

Table legend: (Time is in decaauts)
 A = Elapsed time spent in this place.
 B = Non-inter-level travel time spent in this place.
 C = Inter-level travel time spent in this place.
 D = Time resting spent in this place.
 E = Time spent auto-exploring this place.
 F = Levels seen in this place.
 G = Mean time per level.
                   A        B        C        D        E       F      G
               +--------+--------+--------+--------+--------+-----+--------+
         Total |    221 |    221 |      0 |      0 |    146 |   1 |  221.0 |
       Dungeon |    221 |    221 |      0 |      0 |    146 |   1 |  221.0 |
               +--------+--------+--------+--------+--------+-----+--------+

Top non-repeatable levels by time:
     D:1: 221 daAuts
